Map: Micro Fx

Players

Gracz

  • Race: Zerg Zerg
  • Spawn Location: 5:00

chlen

  • Race: Zerg Zerg
  • Spawn Location: 5:00

ццццц

  • Race: Protoss Protoss
  • Spawn Location: 11:00

termik

  • Race: Terran Terran
  • Spawn Location: 11:00

RedWhite

  • Race: Protoss Protoss
  • Spawn Location: 1:00

Mikis

  • Race: Zerg Zerg
  • Spawn Location: 1:00

Trocomostro

  • Race: Zerg Zerg
  • Spawn Location: 7:00

Kaz

  • Race: Protoss Protoss
  • Spawn Location: 7:00

VOD

Have the link to the VOD?

Description

Time

  • Played on: Feb. 29, 2016, 2:40 p.m.
  • Length: 15:44
Show
View Real Time Build Order
Export as new Build Order

Gracz Zerg 

Build Orders: Hatch First 

Get SALT Encoding   

  12  0:05  Drone  
  13  0:15  Overlord  
  13  0:18  Drone  
  14  0:21  Extractor  
  14  0:27  Drone  
  14  0:38  Drone  
  15  0:47  Drone  
  16  1:13  Hatchery  
  16  1:16  Drone  
  16  1:17  Drone x2  
  18  1:19  Extractor  
  17  1:35  Spawning Pool  
  16  1:51  Drone x3  
  19  2:05  Drone  
  20  2:16  Extractor  
  20  2:21  Evolution Chamber  
  18  2:28  Evolution Chamber  
  17  2:30  Drone x2  
  17  2:32  Metabolic Boost  
  19  2:42  Drone  
  21  2:44  Drone x2  
  22  2:56  Zergling x4  
  24  2:58  Zergling x4  
  26  3:13  Drone  
  27  3:33  Zerg Ground Armor Level 1  
  27  3:34  Zerg Melee Weapons Level 1  
  27  3:37  Drone, Overlord  
  28  3:43  Overlord  
  28  3:54  Queen  
  30  3:59  Drone x3  
  34  4:02  Drone  
  34  4:03  Overlord, Drone  
  35  4:15  Baneling Nest  
  34  4:25  Drone x2  
  34  4:27  Zergling x4, Extractor  
  37  4:34  Drone  
  37  4:37  Drone  
  39  5:08  Roach Warren  
  39  5:11  Drone  
  39  5:13  Zergling x4  
  42  5:14  Drone x3  
  44  5:23  Queen  
  46  5:30  Lair  
  46  5:37  Baneling x5  
  46  5:38  Baneling  
  46  5:43  Zerg Missile Weapons Level 1  
  46  5:56  Roach x3  
  52  6:00  Baneling  
  52  6:01  Baneling  
  52  6:09  Overlord x3  
  51  6:27  Spore Crawler  
  49  7:08  Zergling x6  
  51  7:18  Ravager  
  51  7:19  Ravager x2  
  51  7:21  Drone  
  51  7:22  Drone  
  56  7:40  Zergling x2  
  56  7:42  Zergling x2  
  56  7:43  Zergling x4  
  60  7:47  Infestation Pit  
  59  7:58  Hydralisk Den  
  53  8:35  Hydralisk x3  
  53  8:38  Hydralisk x3  
  46  9:04  Hydralisk x2  
  35  9:31  Spire  
  29  9:46  Hydralisk x3  
  29  9:50  Hydralisk x3  
  41  10:09  Hive  
  41  10:12  Drone  
  41  10:13  Drone x2  
  44  10:19  Drone  
  45  10:30  Nydus Network  
  44  11:08  Spawning Pool  
  43  11:55  Corruptor x2  
  43  11:56  Corruptor  
  49  12:02  Pneumatized Carapace  
  49  12:13  Corruptor x2  
  49  12:14  Corruptor  
  55  12:16  Corruptor  
  57  12:45  Burrow  
  53  13:06  Corruptor x3  
  53  13:08  Corruptor x3  
  65  13:15  Queen  
  57  13:56  Queen  
  57  13:59  Corruptor x2  
  57  14:00  Corruptor  
  57  14:01  Corruptor  
  67  14:03  Overlord x2  
  47  14:27  Corruptor x2  
  2  15:13  Drone x3  
  3  15:31  Hatchery  
Show
View Real Time Build Order
Export as new Build Order

chlen Zerg 

Build Orders: Pool Only 

Get SALT Encoding   

  12  0:05  Extractor  
  11  0:15  Extractor  
  11  0:16  Overlord  
  11  0:17  Drone  
  11  0:54  Drone x3  
  14  1:13  Spawning Pool  
  13  1:20  Overlord  
  13  1:21  Drone  
  14  1:46  Drone x2  
  16  2:00  Queen  
  18  2:08  Spine Crawler  
  17  2:28  Zergling x6  
  20  2:37  Lair  
  20  2:58  Zergling x4  
  22  3:44  Infestation Pit  
  22  3:47  Zergling x4, Drone  
  22  3:48  Overlord  
  24  4:27  Infestor  
  24  4:28  Roach Warren, Swarm Host  
  28  4:35  Drone  
  29  5:30  Drone x3  
  32  5:37  Hive  
  10  7:10  Drone  
  10  7:11  Drone x8  
  10  7:12  Drone x3  
  22  7:22  Queen  
  24  7:42  Drone x2, Spore Crawler  
  19  8:04  Hydralisk Den  
  7  8:56  Burrow  
  3  10:28  Roach  
Show
View Real Time Build Order
Export as new Build Order

ццццц Protoss 

Build Orders:  

Get SALT Encoding   

  12  0:40  Probe (Chrono Boost)  
  12  0:42  Pylon  
  13  0:51  Probe (Chrono Boost)  
  14  1:01  Probe (Chrono Boost)  
  15  1:21  Assimilator  
  15  1:26  Forge  
  15  2:04  Gateway  
  15  2:06  Probe (Chrono Boost)  
  16  2:16  Probe (Chrono Boost)  
  16  2:17  Assimilator  
  17  2:26  Pylon  
  17  2:27  Probe (Chrono Boost)  
  18  2:38  Probe (Chrono Boost)  
  18  2:42  Pylon  
  19  2:48  Probe (Chrono Boost)  
  19  2:49  Pylon  
  20  2:59  Pylon  
  20  3:05  Probe (Chrono Boost)  
  21  3:12  Photon Cannon  
  21  3:14  Cybernetics Core  
  21  3:19  Pylon  
  21  3:21  Pylon  
  21  3:27  Pylon  
  21  3:29  Probe (Chrono Boost)  
  21  3:31  Pylon  
  22  3:53  Photon Cannon  
  22  4:15  Photon Cannon  
  22  4:24  Photon Cannon x2  
  22  4:30  Photon Cannon  
  22  4:37  Twilight Council  
  22  4:42  Stargate  
  22  4:51  Photon Cannon x2  
  22  5:10  Nexus  
  22  5:22  Probe (Chrono Boost)  
  23  5:32  Probe (Chrono Boost)  
  24  5:43  Probe (Chrono Boost)  
  25  5:53  Probe (Chrono Boost)  
  26  6:00  Stargate  
  26  6:01  Stargate  
  26  6:04  Stargate  
  26  6:17  Assimilator  
  26  6:19  Assimilator  
  26  6:21  Probe (Chrono Boost)  
  27  6:31  Probe (Chrono Boost)  
  28  6:34  Probe (Chrono Boost)  
  29  6:42  Probe (Chrono Boost)  
  29  6:45  Probe (Chrono Boost)  
  31  6:52  Probe (Chrono Boost)  
  32  6:55  Probe (Chrono Boost)  
  33  7:02  Void Ray  
  33  7:05  Void Ray  
  33  7:06  Probe (Chrono Boost)  
  42  7:16  Probe (Chrono Boost)  
  42  7:20  Pylon  
  42  7:22  Pylon  
  43  7:41  Void Ray  
  43  7:43  Void Ray  
  51  8:21  Void Ray x2  
  51  8:24  Void Ray  
  51  8:26  Void Ray  
  67  9:04  Void Ray x2  
  67  9:07  Void Ray  
  79  9:10  Robotics Facility  
  79  9:14  Dark Shrine  
  79  9:19  Templar Archives  
  79  9:21  Protoss Shields Level 1  
  79  9:27  Protoss Air Weapons Level 1  
  79  9:41  Void Ray  
  83  10:01  Void Ray x2  
  91  10:13  Observer  
  92  11:04  Void Ray x4  
  108  11:21  Protoss Air Armor Level 1  
  108  11:22  Protoss Shields Level 2  
  108  11:39  Fleet Beacon  
  108  11:47  Void Ray x2  
  116  12:07  Pylon x2  
  116  12:09  Pylon  
  116  12:11  Pylon  
  116  12:12  Pylon x2  
  116  12:38  Tempest x3  
  128  14:14  Tempest x4  
  144  14:57  Tempest x3  
Show
View Real Time Build Order
Export as new Build Order

termik Terran 

Build Orders:  

Get SALT Encoding   

  12  0:03  SCV  
  13  0:27  Supply Depot  
  13  0:50  Supply Depot  
  13  0:55  SCV  
  14  1:07  SCV  
  15  1:12  Barracks  
  15  1:44  Command Center  
  15  1:46  SCV  
  16  1:58  SCV  
  16  2:00  Barracks  
  17  2:19  Refinery  
  17  2:20  SCV  
  17  2:22  Refinery  
  18  2:24  Marine  
  19  2:32  SCV  
  20  2:42  Marine  
  22  2:44  SCV  
  22  2:56  SCV  
  23  3:00  Marine  
  24  3:12  SCV  
  25  3:15  Engineering Bay  
  26  3:24  SCV  
  26  3:26  Barracks Tech Lab  
  27  3:32  SCV  
  27  3:35  Barracks Tech Lab  
  27  3:36  SCV  
  28  3:45  SCV  
  28  3:47  Sensor Tower  
  29  3:48  SCV  
  30  3:57  SCV  
  30  4:01  SCV  
  32  4:02  Refinery  
  32  4:13  SCV  
  32  4:15  Supply Depot  
  32  4:16  Sensor Tower  
  33  4:19  Supply Depot  
  33  4:34  SCV  
  33  4:37  Supply Depot  
  34  4:41  Supply Depot  
  34  4:46  SCV  
  34  4:48  Factory  
  35  4:55  SCV  
  35  4:58  SCV  
  35  4:59  Supply Depot  
  37  5:02  Marauder  
  37  5:05  Supply Depot, Marauder  
  41  5:07  SCV  
  41  5:10  SCV  
  43  5:23  Marauder  
  43  5:26  Marauder  
  47  5:28  Supply Depot  
  47  5:29  Missile Turret  
  47  5:34  Factory  
  47  5:35  Missile Turret  
  47  5:45  Marauder  
  47  5:47  Marauder  
  47  5:49  Missile Turret  
  51  5:56  Missile Turret  
  51  5:59  SCV  
  52  6:09  Missile Turret  
  53  6:11  SCV  
  53  6:15  Factory Tech Lab  
  53  6:17  Missile Turret, Factory Tech Lab  
  53  6:23  SCV  
  53  6:24  Starport  
  54  6:31  Refinery  
  54  6:41  Missile Turret  
  54  7:00  Missile Turret  
  54  7:01  Starport  
  54  7:08  Reaper  
  54  7:11  Reaper  
  56  7:31  Missile Turret  
  56  7:33  Starport Tech Lab  
  56  7:37  Siege Tank  
  56  7:40  Cyclone, Reaper  
  56  7:43  Reaper  
  64  7:49  Starport Tech Lab  
  64  8:05  Refinery  
  64  8:07  Missile Turret  
  64  8:09  Missile Turret, Siege Tank  
  64  8:12  Cyclone  
  70  8:13  Reaper  
  70  8:15  Reaper  
  72  8:29  Missile Turret  
  68  8:42  Siege Tank  
  68  8:44  Cyclone  
  68  8:45  Reaper  
  68  8:47  Reaper  
  76  9:07  Missile Turret  
  76  9:16  Siege Tank  
  79  9:27  Missile Turret, Fusion Core  
  79  10:05  Missile Turret  
  79  10:24  Missile Turret  
  79  10:27  Missile Turret  
  79  10:33  Battlecruiser x2  
  91  10:37  Building Armor  
  91  10:47  Missile Turret  
  91  10:49  Missile Turret  
  91  11:09  Missile Turret x2  
  91  11:28  Missile Turret x2  
  91  11:37  Battlecruiser  
  97  11:46  SCV  
  98  11:58  SCV  
  99  12:01  Supply Depot  
  99  12:06  Widow Mine  
  102  12:22  Widow Mine  
  101  12:23  Battlecruiser  
  101  12:24  Supply Depot  
  101  12:25  Supply Depot  
  109  12:30  Supply Depot  
  109  12:45  Widow Mine  
  109  12:46  Battlecruiser  
  109  12:48  Supply Depot x2  
  109  12:51  Widow Mine  
  117  12:53  Supply Depot  
  119  13:10  Supply Depot  
  119  13:14  Widow Mine  
  119  13:16  Supply Depot  
  119  13:19  Widow Mine  
  121  13:22  Reaper  
  121  13:23  Reaper  
  125  13:27  Battlecruiser  
  125  13:33  Supply Depot  
  131  13:39  Ghost Academy  
  131  13:55  Reaper x2  
  105  14:14  Viking  
  107  14:27  Marauder x2  
  111  14:31  Viking  
  113  14:39  Missile Turret  
  113  14:44  Viking  
  115  14:45  Missile Turret  
  115  14:54  Missile Turret  
  115  15:00  Supply Depot  
  115  15:01  Viking  
  115  15:03  Missile Turret  
  115  15:06  Missile Turret  
  117  15:13  Ghost  
  119  15:14  Viking  
  119  15:15  Missile Turret  
  123  15:21  Missile Turret  
  123  15:24  Missile Turret, Supply Depot  
  123  15:29  Missile Turret  
  125  15:36  Missile Turret  
  125  15:41  Missile Turret  
Show
View Real Time Build Order
Export as new Build Order

RedWhite Protoss 

Build Orders: 1 Gate Expand, Oracle Opening 

Get SALT Encoding   

  12  0:01  Probe (Chrono Boost)  
  13  0:16  Pylon  
  13  0:17  Probe (Chrono Boost)  
  15  0:28  Probe (Chrono Boost)  
  15  0:36  Gateway  
  15  0:40  Assimilator  
  15  0:46  Assimilator  
  15  1:16  Nexus  
  15  1:22  Assimilator  
  15  1:35  Assimilator  
  15  1:36  Probe (Chrono Boost)  
  16  1:46  Probe (Chrono Boost)  
  17  1:50  Cybernetics Core  
  17  2:06  Probe (Chrono Boost)  
  18  2:16  Probe (Chrono Boost)  
  19  2:26  Assimilator  
  19  2:27  Probe (Chrono Boost)  
  20  2:35  Stargate  
  20  2:37  Probe (Chrono Boost)  
  21  2:44  Probe (Chrono Boost)  
  21  2:48  Probe (Chrono Boost)  
  23  2:55  Probe (Chrono Boost)  
  25  2:58  Probe (Chrono Boost)  
  25  3:08  Stargate  
  25  3:09  Probe (Chrono Boost)  
  26  3:13  Forge  
  26  3:21  Pylon  
  26  3:52  Probe (Chrono Boost)  
  27  3:57  Oracle (Chrono Boost)  
  27  3:58  Oracle (Chrono Boost)  
  27  4:02  Probe  
  34  4:14  Probe  
  35  4:26  Probe  
  35  4:30  Oracle (Chrono Boost)  
  39  4:32  Probe  
  40  4:38  Probe  
  41  4:51  Probe  
  42  4:55  Probe  
  43  5:03  Probe  
  44  5:08  Probe  
  44  5:09  Protoss Shields Level 1  
  44  5:11  Protoss Air Weapons Level 1  
  45  5:15  Probe  
  46  5:29  Pylon  
  46  5:34  Pylon  
  46  5:37  Pylon  
  46  5:41  Pylon  
  46  5:47  Probe x2  
  46  5:48  Void Ray (Chrono Boost)  
  52  5:53  Void Ray (Chrono Boost)  
  56  5:59  Mothership Core, Probe  
  59  6:11  Probe  
  60  6:20  Probe  
  58  7:05  Protoss Air Armor Level 1  
  58  7:10  Void Ray x2 (Chrono Boost)  
  66  7:19  Pylon  
  66  7:21  Pylon  
  66  7:24  Pylon  
  66  7:32  Pylon x2  
  66  7:35  Probe  
  67  7:47  Probe, Void Ray x2 (Chrono Boost)  
  76  7:59  Probe  
  77  8:11  Probe  
  78  8:23  Probe  
  78  8:24  Void Ray (Chrono Boost)  
  78  8:25  Void Ray (Chrono Boost)  
  87  8:58  Stargate, Pylon  
  87  9:00  Pylon  
  87  9:01  Void Ray (Chrono Boost)  
  87  9:02  Void Ray (Chrono Boost)  
  99  9:39  Void Ray x2 (Chrono Boost)  
  70  10:16  Void Ray x2 (Chrono Boost)  
  52  10:56  Phoenix x2 (Chrono Boost)  
  54  10:59  Phoenix (Chrono Boost)  
  38  11:18  Phoenix x2 (Chrono Boost)  
  42  11:24  Phoenix (Chrono Boost)  
  27  11:40  Phoenix x2 (Chrono Boost)  
  26  11:49  Phoenix (Chrono Boost)  
Show
View Real Time Build Order
Export as new Build Order

Mikis Zerg 

Build Orders: Pool First 

Get SALT Encoding   

  12  0:02  Drone  
  13  0:08  Drone  
  14  0:26  Spawning Pool  
  13  0:29  Drone  
  14  0:36  Extractor x2  
  14  0:37  Drone  
  13  0:48  Drone  
  14  0:56  Overlord  
  14  1:19  Drone x2  
  14  1:20  Drone  
  17  1:30  Lair  
  17  1:50  Drone x2  
  17  1:51  Roach Warren  
  18  2:20  Hatchery  
  17  2:23  Drone  
  17  2:24  Drone  
  19  2:42  Spire  
  18  2:49  Drone  
  19  2:54  Overlord  
  19  3:12  Spire  
  18  3:17  Drone  
  19  3:28  Queen  
  19  3:31  Drone  
  22  3:38  Drone  
  23  3:46  Queen  
  25  4:10  Hatchery  
  25  4:13  Drone  
  25  4:19  Drone x2  
  27  4:25  Extractor  
  27  4:28  Drone  
  27  4:32  Drone  
  27  4:36  Zerg Flyer Weapons Level 1  
  28  4:44  Drone  
  28  4:45  Extractor  
  28  4:47  Drone x2  
  28  4:48  Drone  
  28  4:51  Drone  
  32  5:01  Zerg Flyer Armor Level 1  
  32  5:06  Drone x3  
  35  5:10  Drone  
  36  5:22  Overlord  
  36  5:23  Overlord  
  36  5:28  Drone x3  
  39  5:34  Drone  
  40  5:43  Drone  
  40  5:45  Extractor  
  40  6:04  Drone x2  
  42  6:16  Drone x3  
  45  6:18  Overlord  
  45  6:20  Overlord  
  45  6:35  Infestation Pit  
  45  6:38  Zerg Flyer Weapons Level 2  
  44  6:40  Mutalisk  
  44  6:41  Mutalisk x5  
  56  7:05  Queen  
  56  7:08  Mutalisk x5  
  58  7:11  Mutalisk x3  
  74  7:16  Overlord x4  
  70  8:32  Mutalisk x5  
  70  8:33  Mutalisk  
  82  8:35  Mutalisk x3  
  82  8:36  Mutalisk x3  
  82  8:38  Mutalisk x3  
  100  9:27  Overlord  
  100  9:28  Overlord x4  
  100  9:33  Mutalisk x3  
  106  9:39  Overlord x3  
  106  9:40  Overlord x2  
  46  10:29  Mutalisk x3  
  46  10:30  Mutalisk x3  
  46  10:32  Mutalisk x5  
  46  10:33  Mutalisk  
  46  10:34  Mutalisk x3  
  46  10:35  Mutalisk x3  
  75  10:54  Zerg Flyer Armor Level 2  
  44  11:26  Hatchery  
  43  11:35  Mutalisk x7  
  43  11:36  Mutalisk  
  43  11:38  Mutalisk  
  29  12:22  Mutalisk x4  
  29  12:23  Mutalisk  
  29  12:24  Mutalisk x5  
Show
View Real Time Build Order
Export as new Build Order

Trocomostro Zerg 

Build Orders: Hatch First 

Get SALT Encoding   

  12  0:02  Drone  
  13  0:10  Drone  
  14  0:21  Extractor  
  14  0:22  Drone  
  15  0:45  Hatchery  
  14  0:50  Overlord  
  14  0:53  Extractor, Drone  
  15  1:08  Drone x2  
  17  1:11  Extractor  
  16  1:28  Drone x2  
  16  1:29  Extractor  
  17  1:39  Spawning Pool  
  17  1:40  Drone  
  17  1:50  Drone  
  18  1:56  Drone  
  18  2:00  Drone  
  20  2:05  Drone  
  21  2:20  Drone x2  
  21  2:22  Drone  
  24  2:29  Extractor  
  23  2:30  Queen  
  23  2:32  Drone x2  
  23  2:34  Lair  
  27  2:43  Zergling x2  
  28  2:44  Overlord  
  28  3:01  Spore Crawler  
  28  3:02  Overlord  
  28  3:03  Drone x2  
  29  3:17  Spore Crawler  
  28  3:26  Spore Crawler  
  28  3:27  Drone x4  
  31  3:47  Spire  
  30  3:51  Drone x3  
  33  3:56  Pneumatized Carapace  
  33  4:01  Overlord  
  33  4:30  Hatchery  
  32  4:32  Overlord  
  32  4:42  Drone x2, Overlord  
  32  4:43  Drone x3  
  32  4:44  Extractor  
  36  4:58  Mutalisk x2  
  40  5:13  Mutalisk x2  
  44  5:21  Mutalisk x2  
  44  5:24  Overseer  
  44  5:27  Mutalisk x2  
  52  5:30  Overseer  
  52  5:35  Zerg Flyer Weapons Level 1  
  52  5:44  Drone  
  52  5:45  Spire  
  52  5:56  Mutalisk x3  
  58  6:04  Drone x2  
  58  6:10  Mutalisk  
  58  6:11  Mutalisk  
  64  6:24  Mutalisk x2  
  68  6:27  Overseer  
  68  6:35  Spore Crawler  
  67  6:46  Mutalisk x2  
  71  6:51  Extractor  
  70  7:03  Drone x4  
  74  7:08  Spore Crawler  
  74  7:10  Metabolic Boost, Spore Crawler  
  74  7:13  Zerg Flyer Armor Level 1  
  72  7:22  Drone x2  
  74  7:23  Overlord  
  74  7:24  Overlord  
  74  7:36  Overlord  
  74  7:40  Queen x2  
  74  7:43  Corruptor  
  79  7:54  Spore Crawler  
  79  7:57  Drone x2, Spore Crawler  
  79  7:58  Drone x2  
  81  8:03  Drone x2  
  81  8:04  Drone  
  84  8:07  Overseer  
  84  8:33  Corruptor x4  
  84  8:34  Corruptor  
  94  8:41  Infestation Pit  
  94  8:44  Zerg Flyer Weapons Level 2  
  93  8:54  Overlord  
  93  8:56  Drone, Spore Crawler  
  93  8:57  Spore Crawler  
  92  9:28  Corruptor x2  
  92  9:29  Mutalisk x5  
  96  10:02  Corruptor x3  
  96  10:03  Corruptor x3  
  96  10:21  Corruptor x2  
  96  10:42  Overlord  
  94  10:43  Overlord x5  
  94  10:53  Zerg Flyer Armor Level 2  
  94  10:54  Hive  
  94  10:56  Overlord  
  94  11:37  Corruptor x6  
  94  11:38  Corruptor x3  
  102  11:56  Mutalisk x3  
  106  12:10  Mutalisk  
  106  12:11  Mutalisk x3  
  106  12:12  Mutalisk  
  116  12:40  Mutalisk  
  116  12:41  Mutalisk x3  
  116  12:42  Overlord  
  116  12:43  Drone  
  125  13:08  Overlord  
  121  14:26  Mutalisk  
  121  14:27  Mutalisk x7  
  121  14:28  Mutalisk  
  139  14:45  Viper x2  
  142  14:46  Mutalisk  
Show
View Real Time Build Order
Export as new Build Order

Kaz Protoss 

Build Orders: Oracle Opening 

Get SALT Encoding   

  12  0:10  Pylon  
  12  0:13  Probe (Chrono Boost)  
  13  0:23  Probe (Chrono Boost)  
  14  0:33  Gateway  
  14  0:40  Assimilator  
  14  0:42  Probe (Chrono Boost)  
  15  0:53  Probe (Chrono Boost)  
  16  0:58  Forge  
  16  1:03  Probe (Chrono Boost)  
  17  1:10  Assimilator  
  17  1:14  Probe (Chrono Boost)  
  18  1:24  Probe (Chrono Boost)  
  19  1:28  Cybernetics Core  
  19  1:35  Probe (Chrono Boost)  
  19  1:37  Pylon  
  20  2:06  Nexus  
  20  2:16  Stargate  
  20  2:21  Mothership Core (Chrono Boost)  
  22  2:39  Photon Cannon  
  22  3:01  Probe (Chrono Boost)  
  22  3:04  Oracle (Chrono Boost)  
  26  3:20  Assimilator  
  26  3:25  Assimilator, Probe  
  27  3:31  Probe  
  28  3:37  Probe  
  29  3:41  Probe  
  30  3:49  Probe  
  30  3:52  Probe  
  32  4:01  Probe  
  33  4:14  Probe  
  34  4:26  Probe  
  39  4:32  Void Ray (Chrono Boost)  
  39  4:39  Stargate  
  39  4:42  Protoss Air Weapons Level 1  
  39  4:45  Stargate  
  39  4:47  Pylon x2  
  39  5:21  Void Ray (Chrono Boost)  
  43  5:37  Probe  
  43  5:42  Void Ray (Chrono Boost)  
  52  5:47  Void Ray (Chrono Boost)  
  52  5:49  Probe  
  53  5:55  Fleet Beacon  
  53  5:57  Cybernetics Core  
  53  5:59  Twilight Council  
  53  6:03  Protoss Shields Level 1  
  53  6:08  Nexus  
  53  6:12  Assimilator  
  53  6:22  Probe  
  53  6:25  Void Ray (Chrono Boost)  
  58  6:34  Probe  
  59  6:47  Probe  
  60  6:54  Protoss Air Weapons Level 2  
  60  6:56  Protoss Air Armor Level 1  
  60  7:20  Void Ray (Chrono Boost)  
  64  7:24  Pylon  
  64  7:26  Pylon  
  64  7:27  Pylon  
  64  7:32  Stargate  
  64  7:43  Probe  
  65  7:55  Probe, Void Ray x2 (Chrono Boost)  
  74  8:03  Void Ray (Chrono Boost)  
  78  8:07  Probe  
  83  8:24  Void Ray (Chrono Boost)  
  83  8:29  Pylon  
  83  8:31  Pylon  
  83  8:32  Pylon  
  83  8:52  Void Ray x3 (Chrono Boost)  
  83  8:54  Protoss Air Armor Level 2  
  99  9:25  Void Ray (Chrono Boost)  
  99  9:36  Protoss Air Weapons Level 3  
  99  9:38  Void Ray x2 (Chrono Boost)  
  107  9:51  Pylon  
  107  9:53  Pylon  
  107  9:54  Pylon  
  95  10:23  Void Ray x3 (Chrono Boost)  
  99  10:29  Void Ray (Chrono Boost)  
  67  11:24  Void Ray x3 (Chrono Boost)  
  81  11:31  Void Ray (Chrono Boost)  
  89  12:01  Void Ray (Chrono Boost)  
  89  12:02  Void Ray x2 (Chrono Boost)  
  93  12:23  Protoss Air Armor Level 3  
  93  12:24  Protoss Shields Level 2  
  93  12:27  Void Ray (Chrono Boost)  
  93  12:39  Void Ray (Chrono Boost)  
  97  12:49  Probe  
  98  12:53  Mothership Core  
  100  13:02  Probe  
  101  13:14  Probe  
  101  13:17  Void Ray x2 (Chrono Boost)  
  101  13:18  Void Ray (Chrono Boost)  
  118  13:24  Void Ray (Chrono Boost)  
  118  13:30  Pylon x2  
  118  13:33  Pylon  
  118  13:34  Pylon  
  126  14:38  Void Ray (Chrono Boost)  
  126  14:39  Void Ray x2 (Chrono Boost)  
  126  14:44  Void Ray (Chrono Boost)  
Tags
 
Add a new tag
Caveats
  • Supply blocks, unpowered buildings, or Contaminate may cause inaccurate times.
  • Supply counts are checked every 10 seconds.